Match 46214582
Unlisted

Match 46214582
End
Kradschützen Motorcycle Team
Panzergrenadier Squad
250 Light Carrier
Construct Light Support Kompanie
Combat Half-tracks
Assault Grenadier Squad
Selects Panzerjäger Kommand Battlegroup
Selects GrB 39 Grenade Launcher Requisition
Selects Mine Fields
Construct Mechanized Kompanie
Panzerjäger Mechanized Group
Vehicle Survival Package
8 Rad Armored Car
Selects Defensive Positions
Veteran Squad Leaders
Panzerjäger Squad
Selects Crew Shock Tactics
Construct Panzerarmee Kommand
Emergency Repair Kits
Panzer III L Medium Tank
Panzerjäger Mechanized Group
Armored Reserves
Panzer III L Medium Tank
Crew Shock Tactics
Panzer IV Assault Group
mikec_81
Spaghetti
0
0

Comments sign in to comment!

No comments posted yet!